 Dungeon Crawl Stone Soup version 0.26.0-18-gc5c842f807 (webtiles) character file.

Game seed: 4703565226012461142

168 sizableburger the Slasher (level 5, 0/39 HPs)
             Began as a Demonspawn Warper on Jan 24, 2021.
             Succumbed to a worker ant's poison
             ... on level 4 of the Dungeon.
             The game lasted 00:07:26 (3968 turns).

sizableburger the Slasher (Demonspawn Warper)       Turns: 3968, Time: 00:07:27

Health: 0/39       AC:  6    Str: 11      XL:     5   Next: 24%
Magic:  8/8        EV: 12    Int: 13 (14) God:
Gold:   217        SH:  0    Dex: 11 (12) Spells: 6/8 levels left

rFire    + . .     SeeInvis .   a - +0 falchion
rCold    . . .     Faith    .   (no shield)
rNeg     . . .     Spirit   .   b - +0 leather armour
rPois    .         Reflect  .   (no helmet)
rElec    .         Harm     .   m - +1 cloak
rCorr    .         Rampage  .   (no gloves)
Will     .....                  (no boots)
Stlth    +.........             (no amulet)
HPRegen  0.13/turn              (no ring)
MPRegen  0.11/turn              (no ring)

@: lethally poisoned (0 -> -6)
A: deterioration 1, fire resistance 1, powered by pain 1, weak 1, wild magic 1,
miasma immunity, sharp scales 1
a: no special abilities


You were on level 4 of the Dungeon.
You visited 1 branch of the dungeon, and saw 4 of its levels.

You collected 217 gold pieces.

Inventory:

Hand Weapons
 a - a +0 falchion (weapon)
Missiles
 j - 5 boomerangs (quivered)
Armour
 b - a +0 leather armour (worn)
 m - a +1 cloak (worn)
Scrolls
 c - 2 scrolls of enchant armour
 d - a scroll of blinking
 f - 2 scrolls of magic mapping {unknown}
 g - 2 scrolls of teleportation {unknown}
 h - a scroll of fear {unknown}
 k - 3 scrolls of identify {unknown}
 l - a scroll of remove curse {unknown}
 n - a scroll of amnesia {unknown}
Potions
 i - a potion of brilliance


   Skills:
 - Level 2.4 Fighting
 + Level 4.2 Long Blades
 - Level 0.8 Throwing
 - Level 1.5 Armour
 - Level 2.2 Dodging
 - Level 2.0 Spellcasting
 - Level 2.8 Translocations


You had 6 spell levels left.
You knew the following spells:

 Your Spells              Type           Power        Failure   Level
a - Blink                 Tloc           N/A          22%         2

Your spell library contained the following spells:

 Spells                   Type           Power        Failure   Level
 Gell's Gravitas          Tloc           5%           38%         3
 Lesser Beckoning         Tloc           5%           38%         3
 Teleport Other           Tloc           11%          38%         3
 Passage of Golubria      Tloc           N/A          78%         4


Dungeon Overview and Level Annotations

Branches:
Dungeon (4/15)
 Temple: D:4-7

Altars:
Wu Jian

Annotations:
D:4 Eustachio


Innate Abilities, Weirdness & Mutations

You sometimes gain a little power by taking damage.
You are immune to miasma.
You are partially covered in razor-sharp scales. (AC +1, Slay +1)
Your body sometimes deteriorates upon taking damage.
Your flesh is heat resistant. (rF+)
You are weak. (Str -2)
Your spells are a little harder to cast, but a little more powerful.


Message History

The worker ant bites you.
* * * LOW HITPOINT WARNING * * *
The gnoll hits you with a +0 spear.
* * * LOW HITPOINT WARNING * * *
The gnoll hits you but does no damage. The gnoll barely misses you.
The gnoll shaman hits you with a +0 club.
* * * LOW HITPOINT WARNING * * *
Okay, then.
Okay, then.
Blink to where?
Press: ? - help, Dir - move target
As you read the scroll of blinking, it crumbles to dust.
* * * LOW HITPOINT WARNING * * *
You feel sick.
Found 17 sling bullets.
Okay, then.
As you read the scroll labelled HOGGAS AMIPOCIHARPH, it crumbles to dust.
It is a scroll of enchant armour.
Your +0 cloak glows green for a moment.
You die...

###........#
......ggg..#
...........# #####
.........B..# #....#
.............###......
########.............#
###..........#
#........# ##.@...#
##(...# ##...# ...#
...# ..## ... ...#


You could see a worker ant and 2 gnolls.

Vanquished Creatures
  A worker ant (D:3)
  2 orc wizards (D:3)
  A gnoll (D:3)
  An adder (D:2)
  An ooze (D:2)
  A worm (D:3)
  12 orcs
  8 bats
  6 giant cockroaches
  3 goblins
  A hobgoblin (D:2)
  2 quokkas
  A ball python (D:1)
  4 frilled lizards
  3 kobolds
  10 rats
57 creatures vanquished.

Notes
Turn   | Place    | Note
-------+----------+-------------------------------------------
     0 | D:1      | sizableburger the Demonspawn Warper began the quest for the
                  | Orb.
     0 | D:1      | Reached XP level 1. HP: 16/16 MP: 3/3
   130 | D:1      | Reached skill level 1 in Armour
   921 | D:1      | Reached skill level 2 in Long Blades
   921 | D:1      | Gained mutation: You are partially covered in razor-sharp
                  | scales. (AC +1, Slay +1) [demonic ancestry]
   921 | D:1      | Reached XP level 2. HP: 15/22 MP: 5/5
  1026 | D:1      | Learned a level 2 spell: Blink
  1566 | D:2      | Gained mutation: You sometimes gain a little power by
                  | taking damage. [demonic ancestry]
  1566 | D:2      | Reached XP level 3. HP: 17/28 MP: 6/6
  2439 | D:3      | Found a faded altar of an unknown god.
  2496 | D:3      | Gained mutation: You are weak. (Str -2) [potion of
                  | mutation]
  2496 | D:3      | Gained mutation: Your body sometimes deteriorates upon
                  | taking damage. [potion of mutation]
  2496 | D:3      | Gained mutation: Your spells are a little harder to cast,
                  | but a little more powerful. [potion of mutation]
  2496 | D:3      | Gained mutation: Your flesh is heat resistant. (rF+)
                  | [potion of mutation]
  2503 | D:3      | Reached skill level 3 in Long Blades
  2503 | D:3      | Gained mutation: You are immune to miasma. [demonic
                  | ancestry]
  2503 | D:3      | Reached XP level 4. HP: 27/34 MP: 7/7
  2831 | D:3      | Found an ornate altar of the Wu Jian Council.
  3718 | D:3      | Reached skill level 4 in Long Blades
  3718 | D:3      | Reached XP level 5. HP: 32/39 MP: 8/8
  3791 | D:4      | Noticed Eustachio
  3967 | D:4      | HP: 1/39 [poisoned by a worker ant]
  3968 | D:4      | Succumbed to a worker ant's poison

Illustrated notes

Levels and vault maps discovered:
D:1:      scummos_arrival_simple_crosswalls, layout_loops_corners
D:2:      layout_basic
D:3:      layout_rooms, nzn_wu_jian_contemplation, portal_sewer_entry_b,
          chequers_ecumenical_altar_simple
D:4:      layout_layer_cave, due_unseen_surprise, uniq_eustachio

Skill      XL: |  1  2  3  4 |
---------------+-------------+-----
Armour         | 1 |  1.5
Long Blades    | 2 3 4 |  4.2
Dodging        | 2 |  2.2
Fighting       | |  2.4
Throwing       | |  0.8
Spellcasting   | |  2.0
Translocations | |  2.8

Action                   |  1- 3 |  4- 6 || total
-------------------------+-------+-------++-------
Melee: Falchion          |   137 |    68 ||   205
Throw: Boomerang         |       |     5 ||     5
  Use: Potion            |     2 |     1 ||     3
       Scroll            |       |     2 ||     2
Armor: Leather armour    |    53 |    20 ||    73
Dodge: Dodged            |   106 |    50 ||   156
       Rpst.: Falchion   |    29 |    13 ||    42
